 Dungeon Crawl Stone Soup version 0.30-a0-778-g2ef04af (webtiles) character file.

Game seed: 13995610826054565238

56 malesh the Ruffian (level 3, -1/30 HPs)
             Began as a Ghoul Gladiator on Feb 15, 2023.
             Slain by a gnoll
             ... wielding a +0 halberd
              (13 damage)
             ... on level 2 of the Dungeon.
             The game lasted 00:02:28 (895 turns).

malesh the Ruffian (Ghoul Gladiator)                 Turns: 895, Time: 00:02:29

Health: -1/30      AC:  4    Str: 19    XL:     3   Next: 97%
Magic:  2/2        EV: 12    Int:  3    God:
Gold:   117        SH:  0    Dex: 10    Spells: 2/2 levels left

rFire   . . .      SeeInvis .      - Unarmed
rCold   + . .      Faith    .    (no shield)
rNeg    + + +      Spirit   .    a - +0 leather armour
rPois   ∞          Reflect  .    b - +0 helmet
rElec   .          Harm     .    (no cloak)
rCorr   .          Rampage  .    (no gloves)
Will    .....                    (no boots)
Stlth   +                        (no amulet)
HPRegen 0.00/turn                (no ring)
MPRegen 0.08/turn                (no ring)

@: inhibited regen
A: claws 1, cold resistance 1, negative energy resistance 3, inhibited
regeneration, torment resistance 2, devour on kill
a: no special abilities


You were on level 2 of the Dungeon.
You visited 1 branch of the dungeon, and saw 2 of its levels.

You collected 117 gold pieces.

Inventory:

Missiles
 c - 2 throwing nets (quivered)
 d - a javelin
Armour
 a - a +0 leather armour (worn)
 b - a +0 helmet (worn)
Scrolls
 h - a scroll of amnesia {unknown}
Potions
 e - 2 potions of degeneration {unknown}
 f - a potion of mutation {unknown}
 g - 2 potions of attraction {unknown}
 i - a potion of curing {unknown}


   Skills:
 + Level 2.5 Fighting
 + Level 2.0 Throwing
 + Level 0.7 Armour
 + Level 3.1 Dodging
 + Level 0.2 Stealth
 + Level 4.1 Unarmed Combat


You had 2 spell levels left.
You didn't know any spells.
Your spell library contained the following spells:

 Spells                   Type           Power      Damage    Failure   Level
 Apportation              Tloc           0%         N/A       58%         1
 Shock                    Conj/Air       0%         1d3       58%         1
 Kindle Blastsparks       Fire/Tloc/Air  0%         2d10      91%         3
 Stone Arrow              Conj/Erth      0%         3d7       91%         3
 Alistair's Intoxication  Tmut/Pois      0%         N/A       100%        5


Dungeon Overview and Level Annotations

Branches:
Dungeon (2/15)

Altars:

Shops:
D:2 =


Innate Abilities, Weirdness & Mutations

You are immune to poison.
You have sharp fingernails.
Your flesh is cold resistant. (rC+)
You are immune to negative energy. (rN+++)
You do not regenerate when monsters are visible.
You are immune to unholy pain and torment.
You thrive by killing the living.


Message History

Throw: 3 throwing nets
Press: ? - help, Q - select action, (/) - cycle Shift-Dir - straight line, f - gnoll
Aim: a gnoll, wielding a +2 spear of venom (61% to hit)
You throw a throwing net. The throwing net hits the gnoll.
The gnoll is caught in the net!
The gnoll struggles against the net.
The gnoll struggles against the net.
A rat comes into view.
The gnoll struggles against the net.
The gnoll hits you from afar with a +0 halberd!
You are too injured to fight recklessly!
You are too injured to fight recklessly!
You are too injured to fight recklessly!
You claw the gnoll!
The gnoll is severely wounded.
The gnoll struggles against the net.
The gnoll barely misses you.
You claw the gnoll!
You kill the gnoll!
You feel better. The gnoll closely misses you.
Your Unarmed Combat skill increases to level 4!
The gnoll closely misses you.
You see here a +2 spear of venom.
You barely miss the gnoll. You scratch the gnoll.
The gnoll is moderately wounded.
The gnoll hits you with a +0 halberd!
You closely miss the gnoll.
The gnoll is moderately wounded.
The gnoll misses you.
The rat twitches its whiskers.
You closely miss the gnoll.
The gnoll is moderately wounded.
The gnoll barely misses you.
You scratch the gnoll.
The gnoll is heavily wounded.
The gnoll hits you but does no damage.
You scratch the gnoll.
The gnoll is severely wounded.
The gnoll hits you with a +0 halberd!
You die...

#..........#
#..........
......... .
....... ..
..... ... .g.
.... #g# ....
#@# .... #.#
.... #.# ###.
#.######### ##
#.........#####
#####.........#
#...(.....#
#.........#
#.........#


You could see 2 gnolls.

Vanquished Creatures
  2 gnolls
  4 endoplasms (D:1)
  5 goblins (D:1)
  6 hobgoblins
  A quokka (D:1)
  3 ball pythons (D:1)
  4 bats
  2 frilled lizards (D:1)
  2 kobolds (D:2)
  4 rats
33 creatures vanquished.

Notes
Turn   | Place    | Note
-------+----------+-------------------------------------------
     0 | D:1      | malesh the Ghoul Gladiator began the quest for the Orb.
     0 | D:1      | Reached XP level 1. HP: 17/17 MP: 0/0
   209 | D:1      | Reached XP level 2. HP: 25/25 MP: 1/1
   285 | D:1      | Got the Cyclopedia of Excavation and Aeromancy
   403 | D:1      | Reached XP level 3. HP: 19/30 MP: 2/2
   838 | D:2      | Found Lyvayriu's Jewellery Boutique.
   889 | D:2      | Reached skill level 4 in Unarmed Combat
   895 | D:2      | Slain by a gnoll

Illustrated notes

Levels and vault maps discovered:
D:1:      amcnicky_arrival_gap_in_the_tavern_cellar, layout_loops_ring,
          minmay_split_cup_large
D:2:      layout_basic, serial_shops, shop, grunt_decor_fettered,
          amcnicky_mini_rare_corridor_liquid, kennysheep_generic_room_4

Skill      XL: |  1  2  3 |
---------------+----------+-----
Throwing       | 2 |  2.0
Dodging        | 3 |  3.1
Unarmed Combat | 4 |  4.1
Fighting       | |  2.5
Armour         | |  0.7
Stealth        | |  0.2

Action                     || total
---------------------------++-------
  Melee: Unarmed           ||    78
         Punch             ||     3
  Throw: Throwing net      ||     1
   Stab: Sleeping          ||     1
 Armour: Leather armour    ||    18
  Dodge: Dodged            ||    42

Table legend: (Time is in decaauts)
 A = Elapsed time spent in this place.
 B = Non-inter-level travel time spent in this place.
 C = Inter-level travel time spent in this place.
 D = Time resting spent in this place.
 E = Time spent auto-exploring this place.
 F = Levels seen in this place.
 G = Mean time per level.
                   A        B        C        D        E       F      G
               +--------+--------+--------+--------+--------+-----+--------+
         Total |    890 |    864 |     26 |      0 |    703 |   2 |  445.0 |
       Dungeon |    890 |    864 |     26 |      0 |    703 |   2 |  445.0 |
               +--------+--------+--------+--------+--------+-----+--------+

Top non-repeatable levels by time:
     D:1: 712 daAuts
     D:2: 177 daAuts
